 Dungeon Crawl Stone Soup version 0.28.0 (webtiles) character file.

Game seed: 13202668952334661373

997 croobank the Ducker (level 8, -1/50 HPs)
             Began as a Djinni Fire Elementalist on Feb 19, 2022.
             Was an Initiate of Yredelemnul.
             Slain by a gnoll sergeant (6 damage)
             ... on level 8 of the Dungeon.
             The game lasted 00:22:04 (7063 turns).

croobank the Ducker (Djinni Fire Elementalist)      Turns: 7063, Time: 00:22:04

Health: -1/50      AC:  2    Str:  7    XL:     8   Next: 42%
Gold:   323        EV: 16    Int: 19    God:    Yredelemnul [......] SH:  0 Dex: 20

rFire   + + .      SeeInvis .   a - +2 whip (drain)
rCold   x . .      Faith    .   (no shield)
rNeg    . . .      Spirit   .   u - +0 robe
rPois   ∞          Reflect  .   (no helmet)
rElec   .          Harm     .   (no cloak)
rCorr   .          Rampage  .   (no gloves)
Will    .....                   (boots unavailable)
Stlth   +++.......              m - amulet of the acrobat
HPRegen 0.16/turn               t - +6 ring of dexterity
MPRegen 0.00/turn               (no ring)

@: flying
A: sickness immunity, fire resistance 2, cold vulnerability 1, float, innate
caster, HP casting, extra vitality 1
a: Renounce Religion, Recall Undead Harvest


You were on level 8 of the Dungeon.
You worshipped Yredelemnul.
Yredelemnul was noncommittal.
You visited 2 branches of the dungeon, and saw 8 of its levels.

You collected 323 gold pieces.

Inventory:

Hand Weapons
 a - a +2 whip of draining (weapon)
 j - a +1 dagger of venom
 n - a +0 great mace
Missiles
 b - 97 stones
 e - 82 arrows
 f - 13 sling bullets
 v - 41 bolts
 w - 3 poisoned darts
Armour
 r - a +0 leather armour
 u - a +0 robe (worn)
Jewellery
 m - an amulet of the acrobat (around neck)
 p - a ring of fire
 t - a +6 ring of dexterity (left hand)
Wands
 i - a wand of paralysis (8)
 x - a wand of iceblast (22)
Scrolls
 h - a scroll of vulnerability
 k - 2 scrolls of enchant armour
 o - 2 scrolls of brand weapon
 q - a scroll of teleportation
 y - a scroll of enchant weapon
Potions
 c - 2 potions of lignification
 d - 2 potions of degeneration
 g - a potion of resistance
 l - a potion of curing
 s - a potion of attraction
 z - 3 potions of mutation
 A - a potion of haste
 B - a potion of brilliance {unknown}


   Skills:
 - Level 6.0 Dodging
 - Level 4.9 Stealth
 - Level 4.5 Spellcasting
 + Level 1.8 Invocations


You couldn't memorise any spells.
You knew the following spells:

 Your Spells              Type           Power      Damage    Failure   Level
a - Foxfire               Conj/Fire      84%        2x1d8     1%          1
b - Scorch                Fire           42%        2d7       3%          2
c - Conjure Flame         Conj/Fire      21%        6-21      6%          3
d - Inner Flame           Hex/Fire       21%        N/A       6%          3
e - Flame Wave            Conj/Fire      21%        2d7       21%         4
f - Slow                  Hex            84%        N/A       1%          1
g - Static Discharge      Conj/Air       21%        N/A       3%          2
h - Summon Guardian Gole  Hex/Summ       21%        N/A       6%          3
Your spell library was empty.

Dungeon Overview and Level Annotations

Branches:
Dungeon (6/15)             Temple (1/1) D:5            Lair (0/6) D:8

Altars:
Cheibriados
Gozag
Kikubaaqudgha
Makhleb
Nemelex Xobeh
Okawaru
Qazlal
Sif Muna
Vehumet
Xom
Yredelemnul
The Shining One

Shops:
D:6 [


Innate Abilities, Weirdness & Mutations

You are immune to sickness and miasma.
You are immune to poison.
Your flesh is very heat resistant. (rF++)
You are vulnerable to cold. (rC-)
You float through the air rather than walking.
You learn spells naturally, not from books.
Your magical power is your life essence.
You have superior vitality. (+4 MHP)


Message History

Confirm with . or Enter, or press ? or * to list all spells.
You conjure some foxfire!
* * * LOW HITPOINT WARNING * * *
Your foxfire dissipates!
A shadow comes into view.
Found a scroll of identify.
The foxfire hits the cyclops.
The cyclops is lightly wounded.
Casting: Foxfire (safe; 1% risk of failure)
Confirm with . or Enter, or press ? or * to list all spells.
Flames lash the cyclops.
The cyclops is moderately wounded.
The cyclops's fire resistance burns away.
* * * LOW HITPOINT WARNING * * *
Your surroundings suddenly seem different.
Found a scroll labelled IRHAOB KICECE.
Found a stone staircase leading down.
You start resting.
A gnoll sergeant comes into view. It is wielding a +0 spear.
You see here a scroll labelled IRHAOB KICECE.
As you read the scroll labelled IRHAOB KICECE, it crumbles to dust.
You feel aware of your surroundings.
You sensed 1 altar.
It was a scroll of magic mapping.
The gnoll sergeant shouts!
You hear a shout! x2
Unknown command.
Casting: Scorch (safe; 3% risk of failure)
Confirm with . or Enter, or press ? or * to list all spells.
You conjure some foxfire!
* * * LOW HITPOINT WARNING * * *
The foxfire hits the gnoll sergeant but does no damage. x2
Casting: Foxfire (safe; 1% risk of failure)
Confirm with . or Enter, or press ? or * to list all spells.
Flames lash the gnoll sergeant.
The gnoll sergeant is moderately wounded.
The gnoll sergeant's fire resistance burns away.
* * * LOW HITPOINT WARNING * * *
You hear a shout! x3
The gnoll sergeant barely misses you.
Nothing appears to have answered your call.
The gnoll sergeant hits you from afar with a +0 spear.
You die...
Your body rises from the dead as a mindless zombie.

* ******,* ***,,**,**
***,,**,,** ##.,*******
#..** **###**** **** #..##
**...,,,,* ,,,** ##...##
**..#******
**,,****##.....###..#* ***
***,,,,,........@...# **,*
,***,,***###......###
**,** ,,,*,** ##.g####
**,** ,,,,.#** #..# *,,*
**,,...##*###.## *,**
,***.....##...# **,***
,,,**#...g....# *,,,*
,,,,,###.....## **,,**
,,,,,,,###...#********,,,*


You could see a gnoll sergeant (combustible).

Vanquished Creatures
  Menkaure (D:4)
  A water moccasin (D:5)
  A necrophage (D:5)
  An ice beast (D:6)
  2 phantoms
  A water moccasin zombie (D:5)
  3 hounds
  A jelly (D:4)
  Jessica (D:3)
  An orc wizard (D:4)
  8 gnolls
  8 adders
  4 dart slugs
  10 orcs
  5 endoplasms
  4 giant cockroaches
  6 goblins
  5 hobgoblins
  8 jackals
  8 kobolds
  3 quokkas
  3 ball pythons
  2 frilled lizards
  3 rats
90 creatures vanquished.

Vanquished Creatures (others)
  An adder skeleton (D:5)
  200 foxfires
201 creatures vanquished.

Grand Total: 291 creatures vanquished

Notes
Turn   | Place    | Note
-------+----------+-------------------------------------------
     0 | D:1      | croobank the Djinni Fire Elementalist began the quest for
                  | the Orb.
     0 | D:1      | Reached XP level 1. HP: 15/15 MP: 0/0
   378 | D:1      | Reached XP level 2. HP: 20/21 MP: 0/0
   745 | D:1      | Reached XP level 3. HP: 14/25 MP: 0/0
   745 | D:1      | Learned a level 1 spell: Slow
  1165 | D:1      | Found a faded altar of an unknown god.
  1769 | D:2      | Reached skill level 3 in Dodging
  1771 | D:2      | Reached XP level 4. HP: 8/31 MP: 0/0
  2906 | D:3      | Reached XP level 5. HP: 30/35 MP: 0/0
  2906 | D:3      | Learned a level 2 spell: Static Discharge
  2970 | D:3      | Noticed Jessica
  2977 | D:3      | Killed Jessica
  4125 | D:4      | Reached skill level 4 in Dodging
  4187 | D:4      | Reached XP level 6. HP: 37/40 MP: 0/0
  4672 | D:4      | Noticed Menkaure
  4679 | D:4      | Killed Menkaure
  4680 | D:4      | Reached XP level 7. HP: 39/45 MP: 0/0
  4680 | D:4      | Learned a level 3 spell: Summon Guardian Golem
  4803 | D:4      | Found a snail-covered altar of Cheibriados.
  4867 | D:4      | Reached skill level 5 in Dodging
  5545 | D:5      | Entered Level 5 of the Dungeon
  5968 | D:5      | Found a sparkling altar of Nemelex Xobeh.
  6122 | D:5      | Noticed a water moccasin
  6127 | D:5      | Killed a water moccasin
  6128 | D:5      | Reached XP level 8. HP: 32/50 MP: 0/0
  6337 | D:5      | Reached skill level 6 in Dodging
  6496 | D:5      | Found a staircase to the Ecumenical Temple.
  6505 | Temple   | Entered the Ecumenical Temple
  6578 | Temple   | Became a worshipper of Yredelemnul the Dark
  6736 | D:6      | Found Regrebb's Armour Shoppe.
  6798 | D:6      | Reached skill level 1 in Invocations
  7030 | D:6      | You are sucked into a shaft and drop 2 floors!
  7030 | D:8      | Noticed a cyclops
  7036 | D:8      | Noticed a shadow
  7063 | D:8      | Slain by a gnoll sergeant

Illustrated notes

Levels and vault maps discovered:
D:1:      dpeg_arrival_fog, layout_loops_ring, basic_ecumenical_altar
D:2:      layout_basic
D:3:      layout_loops_corners, amcnicky_mini_rare_corridor_liquid,
          chequers_serial_rivers_room_a, uniq_jessica
D:4:      layout_loops_corners, kennysheep_slug_shrine,
          kennysheep_pointless_box, uniq_menkaure
D:5:      layout_rooms, nicolae_overflow_crystal_walls, lemuel_temple_firewalk_a
D:6:      layout_loops_cross, serial_shops, nicolae_shop_hallway_plus
D:8:      minmay_diamond_stairs, layout_layer_cave,
          mainiacjoe_overflow_concentric_impassable, minmay_lair_entry_grove
Temple:   cyrus_temple_forest

Skill      XL: |  1  2  3  4  5  6  7  8 |
---------------+-------------------------+-----
Stealth        | 2 3 4 |  4.9
Dodging        | 3 4 5 6 |  6.0
Spellcasting   | 3 4 |  4.5
Invocations    | 1 |  1.8

Action                   |  1- 3 |  4- 6 |  7- 9 || total
-------------------------+-------+-------+-------++-------
Melee: Unarmed           |    24 |     6 |       ||    30
       Whip              |       |       |     4 ||     4
 Cast: Foxfire           |    45 |    44 |    35 ||   124
       Scorch            |     2 |    35 |    28 ||    65
       Summon Guardian G |       |       |     1 ||     1
       Slow              |       |       |     3 ||     3
Invok: Recall Undead Har |       |       |     1 ||     1
  Use: Scroll            |       |     9 |     7 ||    16
       Potion            |       |     1 |     2 ||     3
Armor: Robe              |     3 |     1 |     2 ||     6
Dodge: Dodged            |    16 |    13 |    20 ||    49
